 Dungeon Crawl Stone Soup version 0.21.1-1-g345015f (webtiles) character file.

17626 risingmaelstrom the Cleaver (level 12, 0/105 HPs)
             Began as a Minotaur Fighter on Apr 12, 2018.
             Was a High Priest of Okawaru.
             Slain by a death yak (21 damage)
             ... on level 3 of the Lair of Beasts.
             The game lasted 00:53:37 (12815 turns).

risingmaelstrom the Cleaver (Minotaur Fighter)     Turns: 12815, Time: 00:53:38

Health: 0/105      AC: 17    Str: 26    XL:     12   Next: 20%
Magic:  12/12      EV: 14    Int:  5    God:    Okawaru [*****.]
Gold:   999        SH:  0    Dex: 15    Spells: 11/11 levels left

rFire    . . .     SeeInvis .   G - +6 battleaxe (chop)
rCold    + . .     Gourm    .   (shield currently unavailable)
rNeg     . . .     Faith    .   b - +6 scale mail
rPois    .         Spirit   .   (helmet restricted)
rElec    .         Reflect  .   (no cloak)
rCorr    .         Harm     .   r - +0 pair of gloves
MR       .....                  l - +0 pair of boots
Stlth    +.........             (no amulet)
HPRegen  0.27/turn              m - +5 ring of dexterity
MPRegen  0.13/turn              p - ring of protection from cold

@: no status effects
A: retaliatory headbutt, horns 2
a: Heroism, Finesse, Renounce Religion


You were on level 3 of the Lair of Beasts.
You worshipped Okawaru.
Okawaru was extremely pleased with you.
You were hungry.

You visited 2 branches of the dungeon, and saw 13 of its levels.

You collected 999 gold pieces.

Inventory:

Hand Weapons
 a - a +1 war axe
 G - a +6 battleaxe of chopping (weapon)
Armour
 b - a +6 scale mail (worn)
 c - a +1 shield
 l - a +0 pair of boots (worn)
 r - a +0 pair of gloves (worn)
 w - a +3 shield of positive energy
Jewellery
 d - an uncursed ring of stealth
 m - a +5 ring of dexterity (left hand)
 o - an uncursed ring of magical power {unknown}
 p - a ring of protection from cold (right hand)
 y - a cursed ring of wizardry {unknown}
 z - an uncursed ring of flight {unknown}
 F - an uncursed amulet of harm {unknown}
Wands
 i - a wand of enslavement (18)
 j - a wand of flame (45)
 k - a wand of iceblast (16)
 t - a wand of acid (9)
 A - a wand of paralysis (8)
 B - a wand of random effects (15)
Scrolls
 e - 11 scrolls of identify
 h - 4 scrolls of fog
 q - 2 scrolls of teleportation
 s - 4 scrolls of remove curse
 x - a scroll of blinking
 C - 2 scrolls of magic mapping
Potions
 g - 4 potions of magic
 n - a potion of agility
 u - a potion of resistance
 v - a potion of might
Books
 D - a book of Beasts

   Spells                             Type                      Level
   a - Summon Butterflies             Summoning                    1
   b - Call Canine Familiar           Summoning                    3
   c - Summon Ice Beast               Ice/Summoning                4
   d - Summon Mana Viper              Hexes/Summoning              5
   e - Summon Hydra                   Summoning                    7
Comestibles
 f - 25 rations


   Skills:
 + Level 9.4 Fighting
 + Level 14.7 Axes
 + Level 9.6 Armour
 + Level 6.0 Dodging
 + Level 1.4 Stealth
 + Level 12.2 Shields
 + Level 0.2 Invocations
 + Level 1.9 Evocations


You had 11 spell levels left.
You didn't know any spells.

Dungeon Overview and Level Annotations

Branches:
Dungeon (10/15)            Temple (0/1) D:5            Lair (3/6) D:10
    Orc (0/2) D:9
  Swamp: Lair:2-4    Shoals: Lair:2-4     Snake: Lair:2-4    Spider: Lair:2-4

Altars:
Ashenzari
Okawaru
Ru
Uskayaw
Vehumet
Wu Jian
Xom
Yredelemnul
The Shining One

Annotations:
Lair:1 exclusion: oklob plant


Innate Abilities, Weirdness & Mutations

You reflexively headbutt those who attack you in melee.
You have a pair of horns on your head.


Message History

You furiously retaliate!
You headbutt the death yak, but do no damage.
The death yak barely misses you. The death yak gores you!!
* * * LOW HITPOINT WARNING * * *
You completely miss the death yak.
The death yak is severely wounded.
You slice the death yak!! You slash the death yak!
You kill the death yak!
Okawaru is honoured by your kill. The death yak gores you!
* * * LOW HITPOINT WARNING * * *
The death yak gores you but does no damage.
You feel much better.
The death yak gores you but does no damage.
The death yak gores you. The death yak gores you!!
* * * LOW HITPOINT WARNING * * *
You slash the death yak! Your headbutt misses the death yak.
The death yak is almost dead.
You hit the death yak but do no damage. x2; The death yak gores you!!
You die...

.............#
.............##
..............#
......[......#
............#
............#
#.....YYY...####.
#@#........
##....?.#
##..##.## #...#
##..## ##..##
##..## ##...###
###......#


You could see 3 death yaks.

Vanquished Creatures
  3 two-headed ogres
  A queen ant (Lair:3)
  A death yak (Lair:3)
  An ugly thing (D:10)
  3 spiny frogs
  A komodo dragon (Lair:2)
  A rime drake (Lair:3)
  2 trolls
  A queen bee (D:10)
  3 hippogriffs
  2 wyverns
  5 yaks (Lair:3)
  A basilisk (Lair:1)
  16 soldier ants (Lair:3)
  6 water moccasins
  4 porcupines
  A sky beast (D:5)
  3 orc warriors
  2 ice beasts
  2 ogres
  A black bear (D:9)
  2 phantoms
  3 wolves (Lair:2)
  5 centaurs
  3 crocodiles
  8 big kobolds
  13 bullfrogs
  A water moccasin zombie (D:5)
  4 scorpions
  43 killer bees
  3 electric eels (Lair:2)
  2 crimson imps
  A bullfrog zombie (D:10)
  A centaur zombie (D:9)
  A quasit (D:5)
  6 hounds
  5 orc priests
  12 orc wizards
  A centaur skeleton (D:3)
  3 iguanas
  A bullfrog skeleton (D:7)
  Jessica (D:3)
  Natasha (twice) (D:3)
  27 worker ants
  A worker ant zombie (D:7)
  6 gnolls (D:4)
  2 howler monkey skeletons
  8 adders
  2 shadow imps
  An adder zombie (D:9)
  2 adder skeletons
  2 dart slugs
  5 leopard geckos
  30 orcs
  3 ball pythons
  8 bats
  7 giant cockroaches
  13 goblins
  6 hobgoblins
  8 jackals
  2 quokkas
  9 frilled lizards
  A jackal zombie (D:5)
  55 kobolds
  A leopard gecko zombie (D:5)
  A quokka zombie (D:7)
  7 rats
  A plant (Lair:3)
389 creatures vanquished.

Vanquished Creatures (collateral kills)
  A basilisk (Lair:1)
1 creature vanquished.

Vanquished Creatures (others)
  A worker ant (Lair:3)
1 creature vanquished.

Grand Total: 391 creatures vanquished

Notes
Turn   | Place    | Note
-------+----------+-------------------------------------------
     0 | D:1      | risingmaelstrom the Minotaur Fighter began the quest for the Orb.
     0 | D:1      | Reached XP level 1. HP: 19/19 MP: 0/0
     2 | D:1      | Noticed a halfling
     2 | D:1      | Noticed an ogre
     4 | D:1      | Noticed a tengu
     4 | D:1      | Noticed a merfolk
     6 | D:1      | Noticed a dwarf
     6 | D:1      | Noticed a gargoyle
     8 | D:1      | Noticed a minotaur
     8 | D:1      | Noticed a demonspawn
    10 | D:1      | Noticed a human
    14 | D:1      | Noticed a troll
    14 | D:1      | Noticed a ghoul
    16 | D:1      | Noticed an octopode
    16 | D:1      | Noticed a vampire
    18 | D:1      | Noticed a naga
    18 | D:1      | Noticed a spriggan
    20 | D:1      | Noticed a felid
    20 | D:1      | Noticed a vine stalker
    22 | D:1      | Noticed a draconian
    22 | D:1      | Noticed a centaur
    24 | D:1      | Noticed a formicid
    24 | D:1      | Noticed a demigod
    26 | D:1      | Noticed an elf
    51 | D:1      | Reached XP level 2. HP: 22/27 MP: 1/1
   458 | D:1      | Reached XP level 3. HP: 33/33 MP: 2/2
  1072 | D:2      | Reached skill level 1 in Dodging
  1098 | D:2      | Found a basalt altar of Yredelemnul.
  1380 | D:3      | Noticed a water moccasin
  1391 | D:3      | Killed a water moccasin
  1391 | D:3      | Reached skill level 3 in Axes
  1391 | D:3      | Reached XP level 4. HP: 7/41 MP: 3/3
  1391 | D:3      | Reached XP level 5. HP: 8/47 MP: 4/4
  1427 | D:3      | Reached skill level 5 in Shields
  1541 | D:3      | Found a faded altar of an unknown god.
  1654 | D:3      | Reached skill level 4 in Axes
  1826 | D:3      | Reached skill level 5 in Armour
  1940 | D:3      | Noticed Natasha
  1944 | D:3      | Killed Natasha
  1944 | D:3      | Reached XP level 6. HP: 41/53 MP: 5/5
  1949 | D:3      | Noticed Jessica
  1959 | D:3      | Killed Jessica
  2264 | D:3      | Noticed Natasha
  2268 | D:3      | Killed Natasha
  2414 | D:4      | Reached skill level 5 in Axes
  2840 | D:4      | Found a glowing golden altar of the Shining One.
  2843 | D:4      | Found a shimmering altar of Xom.
  2844 | D:4      | Found an ornate altar of the Wu Jian Council.
  2844 | D:4      | Found a radiant altar of Vehumet.
  2845 | D:4      | Found an iron altar of Okawaru.
  2845 | D:4      | Found a sacrificial altar of Ru.
  2846 | D:4      | Found a shattered altar of Ashenzari.
  2866 | D:4      | Became a worshipper of Warmaster Okawaru
  3114 | D:4      | Reached XP level 7. HP: 57/60 MP: 6/6
  3133 | D:4      | Reached skill level 5 in Fighting
  3160 | D:4      | Reached skill level 6 in Axes
  3167 | D:4      | Reached * piety under Okawaru
  3493 | D:4      | Reached skill level 7 in Axes
  3493 | D:4      | Reached XP level 8. HP: 59/69 MP: 7/7
  3704 | D:5      | Entered Level 5 of the Dungeon
  3793 | D:5      | Found a staircase to the Ecumenical Temple.
  3831 | D:5      | Reached skill level 8 in Axes
  4068 | D:5      | Reached ** piety under Okawaru
  4863 | D:6      | Noticed a dagger
  4863 | D:6      | Noticed a dagger
  4863 | D:6      | Found a hide-covered altar of Uskayaw.
  4871 | D:6      | Noticed a troll
  4882 | D:6      | Killed a troll
  4882 | D:6      | Reached skill level 9 in Axes
  4882 | D:6      | Reached skill level 1 in Stealth
  4958 | D:6      | Reached XP level 9. HP: 14/75 MP: 8/8
  6489 | D:7      | Reached skill level 10 in Axes
  6527 | D:7      | Reached *** piety under Okawaru
  6910 | D:8      | Noticed a troll
  6932 | D:8      | Killed a troll
  7021 | D:8      | Noticed a two-headed ogre
  7030 | D:8      | Killed a two-headed ogre
  7030 | D:8      | Reached **** piety under Okawaru
  7030 | D:8      | Reached XP level 10. HP: 57/84 MP: 9/9
  7031 | D:8      | Reached skill level 1 in Evocations
  7512 | D:9      | Reached skill level 11 in Axes
  7519 | D:9      | Noticed a two-headed ogre
  7529 | D:9      | Killed a two-headed ogre
  7844 | D:9      | Found a staircase to the Orcish Mines.
  8008 | D:9      | Reached ***** piety under Okawaru
  8520 | D:10     | Entered Level 10 of the Dungeon
  8577 | D:10     | Noticed a two-headed ogre
  8583 | D:10     | Killed a two-headed ogre
  8583 | D:10     | Reached skill level 12 in Axes
  8583 | D:10     | Reached skill level 10 in Shields
  8774 | D:10     | Reached skill level 5 in Dodging
  8859 | D:10     | Noticed a brown ugly thing
  8864 | D:10     | Killed a brown ugly thing
  8864 | D:10     | Reached XP level 11. HP: 76/94 MP: 11/11
  9147 | D:10     | Reached skill level 13 in Axes
  9408 | D:10     | Found a staircase to the Lair.
  9619 | Lair:1   | Entered Level 1 of the Lair of Beasts
  9634 | Lair:1   | Received a gift from Okawaru
 10008 | Lair:1   | Noticed an oklob plant
 12077 | Lair:3   | Noticed a queen ant
 12113 | Lair:3   | Killed a queen ant
 12113 | Lair:3   | Reached skill level 14 in Axes
 12175 | Lair:3   | Reached XP level 12. HP: 47/104 MP: 12/12
 12734 | Lair:3   | Received a gift from Okawaru
 12802 | Lair:3   | Noticed a death yak
 12803 | Lair:3   | Noticed a death yak
 12804 | Lair:3   | Noticed a death yak
 12804 | Lair:3   | Noticed a death yak
 12804 | Lair:3   | Noticed a death yak
 12813 | Lair:3   | Killed a death yak
 12815 | Lair:3   | Slain by a death yak

Skill      XL: |  1  2  3  4  5  6  7  8  9 10 11 12 |
---------------+-------------------------------------+-----
Shields        | 4 5 6 9 10 11 12 | 12.2
Fighting       | 4 5 6 8 9 |  9.4
Dodging        | 1 2 3 4 5 6 |  6.0
Armour         | 4 5 6 7 8 9 |  9.6
Axes           | 3 4 5 7 9 10 12 14 | 14.7
Stealth        | 1 |  1.4
Evocations     | 1 |  1.9
Invocations    | |  0.2

Action                   |  1- 3 |  4- 6 |  7- 9 | 10-12 || total
-------------------------+-------+-------+-------+-------++-------
Melee: War axe           |   123 |   134 |   251 |   586 ||  1094
       Headbutt          |    12 |    25 |    49 |   129 ||   215
       Battleaxe         |       |       |       |    11 ||    11
Invok: Heroism           |       |       |     1 |     1 ||     2
Evoke: Wand              |       |       |     5 |    15 ||    20
  Use: Scroll            |     5 |     2 |    10 |     5 ||    22
       Potion            |     6 |     3 |     2 |    10 ||    21
 Stab: Sleeping          |       |       |     1 |       ||     1
  Eat: Chunk             |     1 |     5 |     7 |     5 ||    18
       Ration            |       |       |     2 |     4 ||     6
Armor: Scale mail        |    52 |    67 |   115 |   145 ||   379
Dodge: Dodged            |    50 |    48 |    99 |   212 ||   409
Block: Shield            |    70 |    90 |   175 |   376 ||   711
